 Dungeon Crawl Stone Soup version 0.29.0-4-gdea44cf6ec (webtiles) character file.

Game seed: 8496495619836712738

32 qw the Chopper (level 3, -2/21 HPs)
             Began as a Tengu Warper on Aug 28, 2022.
             Slain by Natasha (6 damage)
             ... on level 2 of the Dungeon.
             The game lasted 00:00:06 (1226 turns).

qw the Chopper (Tengu Warper)                       Turns: 1226, Time: 00:00:07

Health: -2/21      AC:  3    Str: 13    XL:     3   Next: 25%
Magic:  7/7        EV: 11    Int: 13    God:
Gold:   98         SH:  4    Dex: 13    Spells: 6/6 levels left

rFire   . . .      SeeInvis .   Y - +0 hand axe
rCold   . . .      Faith    .   g - +0 buckler
rNeg    . . .      Spirit   .   b - +0 leather armour
rPois   .          Reflect  .   (helmet restricted)
rElec   .          Harm     .   (no cloak)
rCorr   .          Rampage  .   (no gloves)
Will    .....                   (boots unavailable)
Stlth   +.........              (no amulet)
HPRegen 0.07/turn               (no ring)
MPRegen 0.10/turn               (no ring)

@: no status effects
A: beak, talons 3
a: no special abilities


You were on level 2 of the Dungeon.
You visited 1 branch of the dungeon, and saw 2 of its levels.

You collected 98 gold pieces.


Innate Abilities, Weirdness & Mutations

You have a beak for a mouth.
You have claws for feet.


   Skills:
 - Level 2.0 Fighting
 + Level 3.7 Axes
 - Level 1.0 Throwing
 - Level 1.1 Armour
 - Level 2.1 Dodging
 - Level 1.0 Shields
 - Level 2.0 Spellcasting
 - Level 2.4 Translocations


You had 6 spell levels left.
You didn't know any spells.
Your spell library contained the following spells:

 Spells                   Type           Power      Damage    Failure   Level
 Blink                    Tloc           14%        N/A       26%         2
 Gell's Gravitas          Tloc           7%         N/A       45%         3
 Lesser Beckoning         Tloc           7%         N/A       45%         3
 Teleport Other           Tloc           7%         N/A       45%         3
 Manifold Assault         Tloc           7%         N/A       99%         5

Inventory:

Hand Weapons
 f - a +0 mace
 Y - a +0 hand axe (weapon)
Armour
 b - a +0 leather armour (worn)
 d - a +0 ring mail
 g - a +0 buckler (worn)
Scrolls
 a - a scroll of identify
 c - a scroll of noise {unknown}
Potions
 i - a potion of curing {unknown}

Dungeon Overview and Level Annotations

Branches:
Dungeon (2/15)

Altars:

Annotations:
D:2 Natasha


Message History

Your Shields skill increases to level 1!
You start resting.
HP restored.
a - a scroll of identify
Found a falchion.
c - a scroll labelled PESUCA JEUGGOR
Enter note:
Found 6 stones.
You now have 98 gold pieces (gained 13).
Found a throwing net.
Enter note: You see here a throwing net.
Found a leather armour.
Enter note:
d - a +0 ring mail A goblin comes into view.
It is wielding a +0 club.
Enter note: You closely miss the goblin.
You claw the goblin.
You kill the goblin!
Things that are here:
a +0 club; a goblin corpse Natasha, Servant of Life and Death comes into view.
Found a bubbling purple potion.
Natasha hisses angrily.
Natasha stares at you and mumbles some strange words.
The magic dart hits you. Natasha claws you.
You hit Natasha.
Natasha is lightly wounded.
Natasha claws you.
You miss Natasha. Your kick misses Natasha.
Natasha is lightly wounded.
Natasha barely misses you.
You hit Natasha. Your kick misses Natasha. You peck Natasha.
Natasha is heavily wounded.
Natasha claws you but does no damage.
You closely miss Natasha.
Natasha is heavily wounded.
Natasha claws you.
You die...

.....# ... .....# ..
.....# ######.#
.....#### #......#
......).# #......#
........# #......#
........# #......##
........# +.....h.#
........##.#....@#####
.....#####.......)...#
.....# ###########.#
.....# #.# .....# #.#
.....###### ####.#
###.......# #.##.#
#######.# #....# #.#
#.####


You could see Natasha.

Vanquished Creatures
  A worm (D:2)
  3 dart slugs (D:1)
  3 ball pythons
  2 endoplasms
  2 giant cockroaches (D:1)
  3 goblins
  A hobgoblin (D:1)
  3 bats
  2 frilled lizards (D:1)
  3 rats
23 creatures vanquished.

Notes
Turn   | Place    | Note
-------+----------+-------------------------------------------
     0 | D:1      | qw the Tengu Warper began the quest for the Orb.
     0 | D:1      | Reached XP level 1. HP: 12/12 MP: 4/4
     0 | D:1      | 0 ||| qw: Version: 0.1-a-89-g26bdef1
     0 | D:1      | 0 ||| qw: Game counter: 1278
     0 | D:1      | 0 ||| qw: Always use a shield: true
     0 | D:1      | 0 ||| qw: God list: Okawaru
     0 | D:1      | 0 ||| qw: Allow faded altars: false
     0 | D:1      | 0 ||| qw: Do Orc after D:15 true
     0 | D:1      | 0 ||| qw: Do second Lair branch before Depths: true
     0 | D:1      | 0 ||| qw: Lair rune preference: random
     0 | D:1      | 0 ||| qw: Plans: Normal
     0 | D:1      | 0 ||| PLANNING D:1-11
   142 | D:1      | Reached skill level 3 in Axes
   142 | D:1      | Reached XP level 2. HP: 17/17 MP: 6/6
   342 | D:1      | Found a faded altar of an unknown god.
   612 | D:1      | 612 ||| UPGRADING to +0 buckler.
   617 | D:1      | 617 ||| READING scroll labelled NUPLEK MUVO.
   618 | D:1      | 618 ||| READING scroll labelled VIORIM QISEN.
   621 | D:1      | 621 ||| READING scroll labelled YXTEAG GAPHYR.
   622 | D:1      | 622 ||| DROPPING scroll of blinking.
   669 | D:2      | Reached XP level 3. HP: 21/21 MP: 7/7
   677 | D:2      | 677 ||| Stepping ~*~*~tactically~*~*~ (stealth).
   688 | D:2      | HP: 4/21 [worm (6)]
   715 | D:2      | 715 ||| FLEEEEING.
   718 | D:2      | 718 ||| FLEEEEING.
  1013 | D:2      | Reached skill level 1 in Shields
  1221 | D:2      | Noticed Natasha
  1223 | D:2      | HP: 3/21 [Natasha (6)]
  1226 | D:2      | Slain by Natasha

Levels and vault maps discovered:
D:1:      lemuel_arrival_cross, layout_basic, shapermc_ecumenical_altar_pompeii
D:2:      layout_basic, uniq_natasha

Skill      XL: |  1  2  3 |
---------------+----------+-----
Axes           | 3 |  3.7
Shields        | 1 |  1.0
Fighting       | |  2.0
Throwing       | |  1.0
Armour         | |  1.1
Dodging        | |  2.1
Spellcasting   | |  2.0
Translocations | |  2.4

Action                   || total
-------------------------++-------
Melee: Hand axe          ||    43
       Peck              ||     8
       Kick              ||    10
Throw: Boomerang         ||     7
  Use: Scroll            ||     3
Armor: Leather armour    ||     7
Dodge: Dodged            ||    13
Block: Buckler           ||     1

Table legend:
 A = Non-vault XP
 B = Vault XP
 C = Vault XP percentage of total XP
 D = Non-vault monster count
 E = Vault monster count
 F = Vault count percentage of total count
                 A         B        C        D         E       F
            +---------+---------+-------+---------+---------+-------
      Total |      46 |       0 |   0.0 |      23 |       0 |   0.0
            +---------+---------+-------+---------+---------+-------
        D:1 |      32 |       0 |   0.0 |      16 |       0 |   0.0
        D:2 |      14 |       0 |   0.0 |       7 |       0 |   0.0
            +---------+---------+-------+---------+---------+-------
